 Dungeon Crawl Stone Soup version 0.27.0-1-g7a089689b8 (webtiles) character file.

Game seed: 11085584666317537689

93 vvl the Skirmisher (level 4, -2/36 HPs)
             Began as a Demonspawn Fighter on Aug 2, 2021.
             Succumbed to a water moccasin's poison
             ... on level 3 of the Dungeon.
             The game lasted 00:03:13 (2312 turns).

vvl the Skirmisher (Demonspawn Fighter)             Turns: 2312, Time: 00:03:14

Health: -2/36      AC:  8    Str: 17    XL:     4   Next: 36%
Magic:  4/4        EV:  7    Int:  9    God:
Gold:   90         SH:  9    Dex: 13    Spells: 3/3 levels left

rFire    . . .     SeeInvis .   a - +0 long sword
rCold    . . .     Faith    .   c - +0 kite shield
rNeg     . . .     Spirit   .   b - +0 scale mail
rPois    .         Reflect  .   (no helmet)
rElec    .         Harm     .   (no cloak)
rCorr    .         Rampage  .   (no gloves)
Will     .....                  (no boots)
Stlth    ..........             (no amulet)
HPRegen  0.12/turn              (no ring)
MPRegen  0.09/turn              (no ring)

@: mighty, lethally poisoned (-2 -> -16)
A: molten scales 1, spiny 1
a: no special abilities


You were on level 3 of the Dungeon.
You visited 1 branch of the dungeon, and saw 3 of its levels.

You collected 90 gold pieces.

Inventory:

Hand Weapons
 a - a +0 long sword (weapon)
Armour
 b - a +0 scale mail (worn)
 c - a +0 kite shield (worn)
Jewellery
 l - a ring of wizardry
Scrolls
 g - 3 scrolls of teleportation {unknown}
 k - a scroll of acquirement {unknown}
 m - a scroll of noise {unknown}
Potions
 d - 2 potions of might
 e - a potion of attraction {unknown}
 f - a potion of lignification {unknown}
 h - 2 potions of curing {unknown}
 i - a potion of degeneration {unknown}
 j - 2 potions of flight {unknown}


   Skills:
 + Level 3.6 Fighting
 + Level 2.4 Long Blades
 + Level 3.3 Armour
 + Level 0.7 Dodging
 + Level 0.3 Stealth
 + Level 3.1 Shields


You had 3 spell levels left.
You didn't know any spells.
Your spell library was empty.

Dungeon Overview and Level Annotations

Branches:
Dungeon (3/15)

Altars:


Innate Abilities, Weirdness & Mutations

You are partially covered in molten scales. (AC +2)
You are partially covered in sharp spines.


Message History

The water moccasin bites you but does no damage.
Your shield prevents you from hitting the water moccasin.
The water moccasin is moderately wounded.
The water moccasin bites you but does no damage.
The water moccasin is struck by your spines.
The water moccasin bites you but does no damage.
You barely miss the water moccasin.
The water moccasin is moderately wounded.
The water moccasin is struck by your spines.
The water moccasin bites you but does no damage.
The water moccasin bites you.
You miss the water moccasin.
The water moccasin is moderately wounded.
The water moccasin barely misses you. The water moccasin bites you.
You are poisoned.
The water moccasin poisons you! The water moccasin bites you.
You are lethally poisoned!
The water moccasin poisons you!
You miss the water moccasin.
The water moccasin is moderately wounded.
You feel extremely sick. The water moccasin barely misses you.
You riposte.
You barely miss the water moccasin.
The water moccasin is moderately wounded.
You block the water moccasin's attack.
You feel very mighty all of a sudden.
* * * LOW HITPOINT WARNING * * *
You feel very sick. You block the water moccasin's attack.
You hit the water moccasin.
The water moccasin is moderately wounded.
* * * LOW HITPOINT WARNING * * *
You feel very sick. You block the water moccasin's attack.
The water moccasin bites you but does no damage.
The water moccasin is struck by your spines.
The water moccasin bites you but does no damage.
You miss the water moccasin.
The water moccasin is heavily wounded.
You die...

##.....## ##...##
#### ##+## ..# #.# #
#.# #.#
#.##.#########.##
#...........#...##
####S##..........#
#.#####@##.###.#...##
#.......##.#
#.....#####
##########.#
###.#...... #.#
#.####### #.#####.#
#.......# #########


You could see a water moccasin.

Vanquished Creatures
  3 adders
  A worm (D:3)
  2 dart slugs
  4 endoplasms
  3 giant cockroaches
  7 goblins
  6 hobgoblins
  9 jackals
  3 kobolds
  2 quokkas (D:1)
  5 ball pythons
  2 bats (D:2)
  4 rats (D:1)
51 creatures vanquished.

Notes
Turn   | Place    | Note
-------+----------+-------------------------------------------
     0 | D:1      | vvl the Demonspawn Fighter began the quest for the Orb.
     0 | D:1      | Reached XP level 1. HP: 18/18 MP: 1/1
   432 | D:1      | Gained mutation: You are partially covered in sharp spines.
                  | [demonic ancestry]
   432 | D:1      | Reached XP level 2. HP: 24/24 MP: 2/2
   909 | D:1      | Gained mutation: You are partially covered in molten
                  | scales. (AC +2) [demonic ancestry]
   909 | D:1      | Reached XP level 3. HP: 29/29 MP: 3/3
  1701 | D:2      | Reached XP level 4. HP: 36/36 MP: 4/4
  1716 | D:2      | Found a faded altar of an unknown god.
  2301 | D:3      | Noticed a water moccasin
  2312 | D:3      | Succumbed to a water moccasin's poison

Illustrated notes

Levels and vault maps discovered:
D:1:      giann_wishing_wells, layout_basic
D:2:      layout_basic, ebering_ecumenical_altar_sacrificial,
          nrook_mini_backslash, chequers_hall_statues_wall_a,
          supply_closet_lemuel
D:3:      layout_loops_corners, lemuel_round_altar

Skill      XL: |  1  2  3 |
---------------+----------+-----
Armour         | 3 |  3.3
Long Blades    | 2 |  2.4
Shields        | 3 |  3.1
Fighting       | |  3.6
Dodging        | |  0.7
Stealth        | |  0.3

Action                   |  1- 3 |  4- 6 || total
-------------------------+-------+-------++-------
Melee: Long sword        |    78 |    48 ||   126
  Use: Potion            |       |     1 ||     1
Armor: Scale mail        |    40 |    28 ||    68
Dodge: Dodged            |    20 |     9 ||    29
Block: Kite shield       |    46 |    25 ||    71
       Rpst.: Long sword |     6 |     3 ||     9
